 Dungeon Crawl Stone Soup version 0.27.0-1-g7a089689b8 (webtiles) character file.

Game seed: 2217373675553350030

36 sanka the Bolt Thrower (level 3, -1/27 HPs)
             Began as a Vampire Hunter on Aug 4, 2021.
             Slain by a goblin (3 damage)
             ... led by Robin
             ... on level 2 of the Dungeon.
             The game lasted 00:00:59 (868 turns).

sanka the Bolt Thrower (Vampire Hunter)              Turns: 868, Time: 00:00:59

Health: -1/27      AC:  3    Str: 11    XL:     3   Next: 19%
Magic:  3/3        EV: 12    Int: 14    God:
Gold:   37         SH:  0    Dex: 14    Spells: 2/2 levels left

rFire    . . .     SeeInvis +   a - +1 hand crossbow
rCold    . . .     Faith    .   (no shield)
rNeg     . . .     Spirit   .   c - +0 leather armour
rPois    .         Reflect  .   (no helmet)
rElec    .         Harm     .   (no cloak)
rCorr    .         Rampage  .   (no gloves)
Will     .....                  (no boots)
Stlth    ++........             (no amulet)
HPRegen  0.29/turn              (no ring)
MPRegen  0.08/turn              (no ring)

@: healing quickly
A: alive, fangs 3, see invisible, vampiric 2
a: Exsanguinate


You were on level 2 of the Dungeon.
You visited 1 branch of the dungeon, and saw 2 of its levels.

You collected 37 gold pieces.


Innate Abilities, Weirdness & Mutations

Your natural rate of healing is accelerated.
You have razor-sharp teeth.
You have supernaturally acute eyesight. (SInv)
You are afflicted with vampirism and can become a bat while bloodless.


   Skills:
 - Level 1.7 Fighting
 - Level 3.2 Crossbows
 - Level 2.1 Dodging
 - Level 1.5 Stealth
 + Level 3.2 Unarmed Combat


You had 2 spell levels left.
You didn't know any spells.
Your spell library was empty.

Inventory:

Hand Weapons
 a - a +1 hand crossbow (weapon)
 b - a +0 short sword
Missiles
 d - 7 bolts (quivered ammo)
Armour
 c - a +0 leather armour (worn)
Jewellery
 h - a ring of fire
Scrolls
 e - 3 scrolls of fog {unknown}
 g - a scroll of enchant armour {unknown}
Potions
 f - a potion of ambrosia {unknown}
 i - a potion of degeneration {unknown}
 j - a potion of might {unknown}

Dungeon Overview and Level Annotations

Branches:
Dungeon (2/15)

Altars:

Annotations:
D:2 Robin

▒.▒.▒.............(........
▒.▒.▒.▒▒▒▒.▒......g▒.▒▒▒...
▒.▒...▒▒▒▒'▒▒▒▒▒▒▒g▒.▒
▒.▒▒▒▒▒▒......(▒.▒.▒.▒
▒.▒..........▒(▒(▒.▒.▒▒▒▒▒
▒.▒.▒▒▒(......).(..▒.▒▒.. ▒.▒.▒
▒.▒▒+▒▒▒.▒.▒.▒.▒▒.▒▒▒▒▒ ▒.▒.▒
▒.▒▒.▒▒.g....▒.▒▒.▒... ▒.▒.▒
▒.▒▒.▒▒gV▒.▒▒▒ ▒.▒.▒▒▒.▒
▒▒.▒.▒▒▒.▒▒.▒▒..▒... ▒.......▒
▒........▒▒.▒▒..▒▒▒▒▒▒▒▒▒▒.▒▒▒▒▒
▒▒▒▒.▒▒▒▒▒▒.▒▒..........<......?
▒.......(.▒▒.▒▒▒▒▒▒▒▒▒▒▒.▒▒▒▒▒
▒▒▒▒▒...▒▒▒....▒ ▒▒▒▒▒▒......
▒........▒.▒ ▒....)..▒▒▒▒
▒...▒....▒.▒▒▒▒...........
▒......▒......▒......▒▒▒▒▒


You could see Robin and a goblin.


Message History

The goblin closely misses you.
You shoot a bolt. The bolt hits the goblin.
You kill the goblin!
The goblin hits you but does no damage. The goblin hits you with a +0 club.
The goblin hits you with a +0 dagger. The goblin barely misses you.
You shoot a bolt. The bolt barely misses the goblin.
Robin throws the goblin at you! The goblin hits you with a +0 dagger.
The goblin hits you with a +0 club.
* * * LOW HITPOINT WARNING * * *
You shoot a bolt. The bolt completely misses Robin.
The bolt closely misses the goblin.
Robin hits you with a +2 mace of protection.
* * * LOW HITPOINT WARNING * * *
Robin hits you with a +2 mace of protection.
* * * LOW HITPOINT WARNING * * *
You shoot a bolt. The bolt barely misses Robin.
The bolt hits the goblin!
You kill the goblin!
Robin throws the goblin at you!
* * * LOW HITPOINT WARNING * * *
The goblin closely misses you. The goblin hits you with a +0 club.
You die...

Action                   || total
-------------------------++-------
 Fire: Hand crossbow     ||    56
Armor: Leather armour    ||    10
Dodge: Dodged            ||    12

Levels and vault maps discovered:
D:1:      minmay_arrival_four_houses, layout_rooms, serial_aquarium,
          aquarium_bridge_square [aquarium_subvault_bridge,
          aquarium_subvault_bridge, aquarium_subvault_window,
          aquarium_subvault_wall], aquarium_bridge_straight
          [aquarium_subvault_bridge, aquarium_subvault_wall,
          aquarium_subvault_bridge, aquarium_subvault_wall], aquarium_window_1,
          aquarium_window_fake, aquarium_view_2a, minmay_split_cup_large
D:2:      layout_basic, hellmonk_ecumenical_altar_run_dry, uniq_robin

Notes
Turn   | Place    | Note
-------+----------+-------------------------------------------
     0 | D:1      | sanka the Vampire Hunter began the quest for the Orb.
     0 | D:1      | Reached XP level 1. HP: 16/16 MP: 1/1
    19 | D:1      | Reached skill level 1 in Unarmed Combat
    90 | D:1      | Reached XP level 2. HP: 22/22 MP: 2/2
   139 | D:1      | Reached skill level 2 in Unarmed Combat
   701 | D:2      | Reached skill level 3 in Unarmed Combat
   729 | D:2      | Gained mutation: You are afflicted with vampirism and can
                  | become a bat while bloodless. [Vampire growth]
   729 | D:2      | Reached XP level 3. HP: 27/27 MP: 3/3
   847 | D:2      | Noticed Robin
   867 | D:2      | HP: 2/27 [Robin/goblin (2)]
   868 | D:2      | Slain by a goblin

Vanquished Creatures
  A worm (D:2)
  3 ball pythons
  2 endoplasms
  2 giant cockroaches (D:1)
  9 goblins
  5 hobgoblins (D:1)
  A kobold (D:1)
  A bat (D:1)
  A frilled lizard (D:1)
  3 rats (D:1)
28 creatures vanquished.
